 Dungeon Crawl Stone Soup version 0.27-a0-836-gfc908b8576 (webtiles) character file.

Game seed: 17611261089183447347

48 frogmouthbird the Chopper (level 3, -2/46 HPs)
             Began as a Hill Orc Fighter on Mar 31, 2021.
             Slain by Terence
             ... wielding a +0 flail
              (6 damage)
             ... on level 2 of the Dungeon.
             The game lasted 00:01:55 (1786 turns).

frogmouthbird the Chopper (Hill Orc Fighter)        Turns: 1786, Time: 00:01:56

Health: -2/46      AC:  8    Str: 18    XL:     3   Next: 72%
Magic:  3/3        EV:  9    Int:  9    God:
Gold:   39         SH:  4    Dex: 10    Spells: 2/2 levels left

rFire    . . .     SeeInvis .   l - +0 hand axe
rCold    . . .     Faith    .   k - +0 buckler
rNeg     . . .     Spirit   .   b - +0 scale mail
rPois    .         Reflect  .   j - +0 helmet
rElec    .         Harm     .   (no cloak)
rCorr    .         Rampage  .   (no gloves)
Will     .....                  (no boots)
Stlth    ..........             (no amulet)
HPRegen  0.15/turn              (no ring)
MPRegen  0.08/turn              (no ring)

@: berserking, very quick
A: no striking features
a: no special abilities


You were on level 2 of the Dungeon.
You visited 1 branch of the dungeon, and saw 2 of its levels.

You collected 39 gold pieces.

Inventory:

Hand Weapons
 a - a +0 war axe
 l - a +0 hand axe (weapon)
Armour
 b - a +0 scale mail (worn)
 c - a +0 kite shield
 j - a +0 helmet (worn)
 k - a +0 buckler (worn)
Wands
 m - a wand of iceblast (9)
Scrolls
 e - a scroll of noise
 g - 2 scrolls of identify
 i - a scroll of fog
Potions
 d - a potion of might
 h - a potion of flight


   Skills:
 - Level 3.6 Fighting
 * Level 5.3 Axes
 - Level 3.2 Armour
 - Level 3.2 Shields


You had 2 spell levels left.
You didn't know any spells.
Your spell library contained the following spells:

 Spells                   Type           Power      Damage    Failure   Level
 Confusing Touch          Hex            0%         N/A       99%         3
 Gell's Gravitas          Tloc           0%         N/A       99%         3
 Petrify                  Tmut/Erth      0%         N/A       100%        4
 Metabolic Englaciation   Hex/Ice        0%         N/A       100%        5
 Yara's Violent Unravell  Hex/Tmut       0%         3d3       100%        5


Dungeon Overview and Level Annotations

Branches:
Dungeon (2/15)

Altars:
Ru
Wu Jian

Annotations:
D:2 Terence


Message History

You hit Terence.
Terence is lightly wounded.
Terence hits you but does no damage.
You slash Terence!
Terence is heavily wounded.
Terence drinks a potion.
Terence goes berserk!
You barely miss Terence.
Terence is heavily wounded.
Terence barely misses you. Terence hits you with a +0 flail.
You hit Terence but do no damage.
Terence is heavily wounded.
Terence hits you but does no damage.
You hit Terence but do no damage.
Terence is heavily wounded.
Terence hits you but does no damage. Terence hits you with a +0 flail!
Ouch! That really hurt!
* * * LOW HITPOINT WARNING * * *
You are too injured to fight recklessly!
You are too injured to fight recklessly!
You are too injured to fight recklessly!
You are too injured to fight recklessly!
You are too injured to fight recklessly!
You are too injured to fight recklessly!
You are too injured to fight recklessly!
You are too injured to fight recklessly!
You are too injured to fight recklessly!
You are too injured to fight recklessly!
You are too injured to fight recklessly!
You are too injured to fight recklessly!
You are too injured to fight recklessly!
You are too injured to fight recklessly!
You are too injured to fight recklessly!
Unknown command.
A red film seems to cover your vision as you go berserk!
You feel yourself moving faster!
You feel mighty! Terence completely misses you.
You slash Terence!
Terence is severely wounded.
Terence hits you with a +0 flail.
You die...

#### ###### .....
#######....####......
.............@@......
##########....####......
.................. .....
.....#####....#### ....
.....# ####.# ### .....#
#... .....###### #.....
........... ......
.....###### ...


You could see Terence (berserk).

Vanquished Creatures
  2 adders (D:2)
  A worm (D:2)
  5 bats
  An endoplasm (D:1)
  A giant cockroach (D:1)
  2 goblins (D:2)
  2 hobgoblins
  2 jackals (D:1)
  3 quokkas (D:2)
  A ball python (D:1)
  3 frilled lizards
  A kobold (D:1)
  A quokka skeleton (D:2)
  2 rats (D:1)
27 creatures vanquished.

Notes
Turn   | Place    | Note
-------+----------+-------------------------------------------
     0 | D:1      | frogmouthbird the Hill Orc Fighter began the quest for the
                  | Orb.
     0 | D:1      | Reached XP level 1. HP: 19/19 MP: 1/1
   121 | D:1      | Reached skill level 3 in Axes
   448 | D:1      | Reached XP level 2. HP: 25/26 MP: 2/2
   590 | D:1      | Reached skill level 4 in Axes
  1138 | D:2      | Reached XP level 3. HP: 29/31 MP: 3/3
  1155 | D:2      | Found an ornate altar of the Wu Jian Council.
  1388 | D:2      | Reached skill level 5 in Axes
  1467 | D:2      | Found a sacrificial altar of Ru.
  1771 | D:2      | Noticed Terence
  1786 | D:2      | Slain by Terence

Illustrated notes

Levels and vault maps discovered:
D:1:      mainiacjoe_arrival_reflecting_pool, layout_loops_ring, serial_forest,
          infiniplex_forest_lined_3_way, infiniplex_forest_fountain,
          infiniplex_forest_clump_small, infiniplex_forest_lined_3,
          infiniplex_forest_lined_3, infiniplex_forest_3_way,
          infiniplex_forest_lined_2, infiniplex_forest_lined_3,
          amcnicky_mini_pool_small, nrook_uturn, minmay_misc_feat_alley
D:2:      layout_basic, overflow_temple_1_default,
          nicolae_ru_the_path_less_chosen, pdpol_wu_jian_five_deadly_venoms,
          uniq_terence

Skill      XL: |  1  2  3 |
---------------+----------+-----
Axes           | 3 4 5 |  5.3
Fighting       | |  3.6
Armour         | |  3.2
Shields        | |  3.2

Action                   || total
-------------------------++-------
Melee: War axe           ||    54
       Hand axe          ||    45
  Use: Scroll            ||     6
       Potion            ||     1
Armor: Scale mail        ||    60
Dodge: Dodged            ||    45
Block: Kite shield       ||    38
       Buckler           ||    11

Table legend: (Time is in decaauts)
 A = Elapsed time spent in this place.
 B = Non-inter-level travel time spent in this place.
 C = Inter-level travel time spent in this place.
 D = Time resting spent in this place.
 E = Time spent auto-exploring this place.
 F = Levels seen in this place.
 G = Mean time per level.
                   A        B        C        D        E       F      G
               +--------+--------+--------+--------+--------+-----+--------+
         Total |   1818 |   1799 |     19 |      0 |   1534 |   2 |  909.0 |
       Dungeon |   1818 |   1799 |     19 |      0 |   1534 |   2 |  909.0 |
               +--------+--------+--------+--------+--------+-----+--------+

Top non-repeatable levels by time:
     D:1: 1030 daAuts
     D:2: 788 daAuts
